 Dungeon Crawl Stone Soup version 0.29.0-13-gc9e81de378 (webtiles) character file.

Game seed: 1896481130220477678

44433040 iguanaiguana the Worldbinder (level 27, 321/321 HPs)
             Began as an Ogre Summoner on Sept 9, 2022.
             Was the Champion of Ashenzari.
             Escaped with the Orb
             ... and 15 runes on Sept 10, 2022!
             The game lasted 12:33:33 (32777 turns).

iguanaiguana the Worldbinder (Ogre Summoner)       Turns: 32777, Time: 12:33:34

Health: 321/321    AC: 18    Str: 19    XL:     27
Magic:  29/53      EV: 28    Int: 35    God:    Ashenzari [******]
Gold:   4859       SH: 30    Dex: 21    Spells: 0/79 levels left

rFire   + + +      SeeInvis +   x - +5 scimitar "Share My Regret" {freeze, *Slow rCorr Int+6, Comp, Evo} (curse)
rCold   + + +      Faith    .   z - +4 tower shield of the Ruined Sage {rC+, Self, Fort} (curse)
rNeg    + + +      Spirit   .   V - +3 troll leather armour "Cursed Free Will" {Regen+, Alch, Comp} (curse)
rPois   ∞          Reflect  .   h - +1 hat "Circumscribed Pessimism" {Comp, Elem} (curse)
rElec   .          Harm     .   f - scarf of the Shackled Firmament {rC+ rF+, Self, Evo} (curse)
rCorr   +          Rampage  .   (gloves unavailable)
Will    +++..      Clarity  +   (boots unavailable)
Stlth   ++........              O - amulet of the Ensconced Ether {RegenMP, Elem, Comp} (curse)
HPRegen 1.43/turn               g - ring "Vision of Ashenzari" {*Corrode rF+ rN++ EV+4 Dex+8, Elem, Fort} (curse)
MPRegen 0.73/turn               d - ring of the Wild Blue Yonder {Drain rF+ rN+ Int+4, Elem, Self} (curse)

@: lich-form, calling dragons, studying Maces & Flails
A: draining attack, torment immunity, no potions, large, unfitting armour, tough
skin 1, agile 1, clarity, wild magic 1
0: Orb of Zot
}: 15/15 runes: decaying, serpentine, slimy, silver, golden, iron, obsidian,
icy, bone, abyssal, demonic, glowing, magical, fiery, dark
a: End Transformation, Renounce Religion, Shatter the Chains


You escaped.
You worshipped Ashenzari.
Ashenzari was exalted by your worship.
You were an undead lich.
You visited 17 branches of the dungeon, and saw 85 of its levels.
You visited Pandemonium 1 time, and saw 13 of its levels.
You visited the Abyss 2 times.
You visited 2 ziggurats, and saw 27 of their levels (deepest: 16).
You also visited: Ossuary, Ice Cave and Wizlab.

You collected 6561 gold pieces.
You spent 1702 gold pieces at shops.

Inventory:

Hand Weapons
 x - the cursed +5 scimitar "Share My Regret" (weapon) {freeze, *Slow rCorr Int+6, Comp, Evo}
   (You found it on level 5 of the Pits of Slime)

   It freezes those it strikes, dealing additional cold damage.
   It can also slow down cold-blooded creatures.
   Int:       It affects your intelligence (+6).
   rCorr:     It protects you from acid and corrosion.
   *Slow:     It may slow you when you take damage.
   It has a curse which improves the following skills: Companions: Summonings
   and Necromancy.
   Evocations: Evocations.
Missiles
 n - 2 throwing nets (quivered)
 X - a curare-tipped dart
Armour
 f - the cursed scarf of the Shackled Firmament (worn) {rC+ rF+, Self, Evo}
   (You acquired it on level 15 of the Dungeon)

   It has a curse which improves the following skills: Introspection: Fighting
   and Spellcasting.
   Evocations: Evocations.
 h - the cursed +1 hat "Circumscribed Pessimism" (worn) {Comp, Elem}
   (You found it on level 8 of the Dungeon)

   It has a curse which improves the following skills: Companions: Summonings
   and Necromancy.
   Elements:  Fire Magic, Ice Magic, Air Magic and Earth Magic.
 z - the cursed +4 tower shield of the Ruined Sage (worn) {rC+, Self, Fort}
   (You found it in an ice cave)

   It has a curse which improves the following skills: Introspection: Fighting
   and Spellcasting.
   Fortitude: Armour and Shields.
 F - a +1 hat of stealth
 V - the cursed +3 troll leather armour "Cursed Free Will" (worn) {Regen+, Alch, Comp}
   (You found it on level 14 of the Dungeon)

   Regen:     It increases your rate of health regeneration.
   It has a curse which improves the following skills: Alchemy: Poison Magic and
   Transmutations.
   Companions: Summonings and Necromancy.
Jewellery
 d - the cursed ring of the Wild Blue Yonder (right hand) {Drain rF+ rN+ Int+4, Elem, Self}
   (You found it on level 4 of the Lair of Beasts)

   [ring of positive energy]

   Int:       It affects your intelligence (+4).
   rF:        It protects you from fire.
   rN:        It protects you from negative energy.
   Drain:     It drains your maximum health when unequipped.
   It has a curse which improves the following skills: Elements: Fire Magic, Ice
   Magic, Air Magic and Earth Magic.
   Introspection: Fighting and Spellcasting.
 g - the cursed ring "Vision of Ashenzari" (left hand) {*Corrode rF+ rN++ EV+4 Dex+8, Elem, Fort}
   (You found it on level 4 of the Depths)

   [ring of evasion]

   EV:        It affects your evasion (+4).
   Dex:       It affects your dexterity (+8).
   rF:        It protects you from fire.
   rN:        It greatly protects you from negative energy.
   *Corrode:  It may corrode you when you take damage.
   It has a curse which improves the following skills: Elements: Fire Magic, Ice
   Magic, Air Magic and Earth Magic.
   Fortitude: Armour and Shields.
 O - the cursed amulet of the Ensconced Ether (around neck) {RegenMP, Elem, Comp}
   (You found it in an ice cave)

   [amulet of magic regeneration]

   It increases your rate of magic regeneration.
   It has a curse which improves the following skills: Elements: Fire Magic, Ice
   Magic, Air Magic and Earth Magic.
   Companions: Summonings and Necromancy.
Wands
 P - a wand of digging (1) {@v3}
 S - a wand of roots (34)
 Y - a wand of charming (38)
Scrolls
 e - 26 scrolls of teleportation {@r3}
 l - 3 scrolls of enchant armour
 o - 7 scrolls of fog
 q - 5 scrolls of silence
 B - 7 scrolls of fear
 C - 2 scrolls of amnesia
 E - 2 scrolls of summoning
 H - 6 scrolls of immolation
 L - 11 scrolls of vulnerability
 Z - 8 scrolls of poison
Potions
 b - 3 potions of ambrosia
 k - 3 potions of flight
 s - 3 potions of haste {@q4}
 u - 3 potions of resistance {@q5}
 v - 16 potions of attraction
 w - 8 potions of might {@q3}
 G - 2 potions of invisibility
 I - 7 potions of lignification
 J - 4 potions of cancellation
 M - 3 potions of brilliance
 N - 10 potions of heal wounds {@q2}
 U - 16 potions of mutation
 W - 15 potions of curing {@q1}
Miscellaneous
 a - a phantom mirror
 c - a condenser vane
 i - a tin of tremorstones (2/2)
 j - the horn of Geryon
 y - a phial of floods
 Q - a box of beasts


   Skills:
 - Level 21.9(26.6) Fighting
 - Level 2.0 Staves
 - Level 4.0 Throwing
 - Level 14.1(18.0) Armour
 - Level 21.0 Dodging
 - Level 12.0 Stealth
 - Level 21.4(25.0) Shields
 - Level 21.9(26.6) Spellcasting
 - Level 6.0 Conjurations
 - Level 2.0 Hexes
 + Level 22.4(27) Summonings
 - Level 12.6(18.8) Necromancy
 - Level 12.0 Translocations
 - Level 12.7(15.3) Transmutations
 - Level 12.8(19.0) Fire Magic
 - Level 6.8(12.8) Ice Magic
 - Level 6.0(11.9) Air Magic
 - Level 7.7(13.8) Earth Magic
 - Level 17.2(21.0) Evocations


You couldn't memorise any spells.
You knew the following spells:

 Your Spells              Type           Power      Damage    Failure   Level
a - Simulacrum            Ice/Necr       70%        N/A       1%          6
b - Ignition              Fire           62%        3d17      3%          8
c - Dragon's Call         Summ           70%        N/A       1%          9
d - Statue Form           Tmut/Erth      76%        N/A       1%          6
e - Malign Gateway        Summ/Tloc      63%        N/A       1%          7
f - Summon Horrible Thin  Summ           70%        N/A       1%          8
g - Passwall              Tmut/Erth      95%        N/A       1%          2
h - Necromutation         Tmut/Necr      72%        N/A       6%          8
i - Haunt                 Necr/Summ      79%        N/A       1%          7
j - Apportation           Tloc           100%       N/A       1%          1
k - Passage of Golubria   Tloc           100%       N/A       1%          4
l - Sublimation of Blood  Necr           100%       N/A       1%          2
m - Swiftness             Air            100%       N/A       1%          3
n - Ozocubu's Armour      Ice            100%       N/A       1%          3
o - Borgnjor's Vile Clut  Necr/Erth      71%        N/A       1%          5

Your spell library contained the following spells:

 Spells                   Type           Power      Damage    Failure   Level
 Beastly Appendage        Tmut           100%       N/A       1%          1
 Foxfire                  Conj/Fire      100%       2x1d9     1%          1
 Magic Dart               Conj           100%       1d8       1%          1
 Necrotise                Necr           100%       1d9       1%          1
 Sandblast                Erth           100%       2d20      1%          1
 Slow                     Hex            100%       N/A       1%          1
 Sting                    Tmut/Pois      100%       1d8       1%          1
 Summon Small Mammal      Summ           100%       N/A       1%          1
 Call Imp                 Summ           100%       N/A       1%          2
 Ensorcelled Hibernation  Hex/Ice        100%       N/A       1%          2
 Poisonous Vapours        Pois/Air       100%       N/A       1%          2
 Scorch                   Fire           100%       2d10      1%          2
 Searing Ray              Conj           100%       2d8       1%          2
 Static Discharge         Conj/Air       97%        3-16/arc  1%          2
 Wereblood                Tmut           100%       N/A       1%          2
 Call Canine Familiar     Summ           100%       N/A       1%          3
 Confusing Touch          Hex            68%        N/A       1%          3
 Conjure Flame            Conj/Fire      100%       6-21      1%          3
 Dazzling Flash           Conj/Hex       100%       N/A       1%          3
 Frozen Ramparts          Ice            100%       1d16      1%          3
 Gell's Gravitas          Tloc           100%       N/A       1%          3
 Ignite Poison            Fire/Tmut/Pois 100%       N/A       1%          3
 Inner Flame              Hex/Fire       100%       N/A       1%          3
 Lesser Beckoning         Tloc           100%       N/A       1%          3
 Mephitic Cloud           Conj/Pois/Air  86%        N/A       1%          3
 Portal Projectile        Hex/Tloc       100%       N/A       1%          3
 Spider Form              Tmut/Pois      93%        N/A       1%          3
 Stone Arrow              Conj/Erth      100%       3d13      1%          3
 Summon Guardian Golem    Hex/Summ       100%       N/A       1%          3
 Teleport Other           Tloc           100%       N/A       1%          3
 Tukima's Dance           Hex            68%        N/A       1%          3
 Vampiric Draining        Necr           100%       2d13      1%          3
 Airstrike                Air            53%        2d(8-24)  1%          4
 Anguish                  Hex/Necr       62%        N/A       1%          4
 Animate Armour           Summ/Erth      100%       N/A       1%          4
 Corpse Rot               Necr/Pois/Air  100%       N/A       1%          4
 Dispel Undead            Necr           100%       3d31      1%          4
 Flame Wave               Conj/Fire      100%       2d21      1%          4
 Hailstorm                Conj/Ice       98%        3d19      1%          4
 Ice Form                 Ice/Tmut       100%       N/A       1%          4
 Iskenderun's Mystic Bla  Conj/Tloc      97%        2d19      1%          4
 Leda's Liquefaction      Hex/Erth       46%        N/A       1%          4
 Petrify                  Tmut/Erth      100%       N/A       1%          4
 Sticky Flame             Conj/Fire      100%       2d11      1%          4
 Summon Ice Beast         Ice/Summ       100%       N/A       1%          4
 Summon Lightning Spire   Summ/Air       100%       N/A       1%          4
 Agony                    Necr           100%       N/A       1%          5
 Blade Hands              Tmut           58%        N/A       1%          5
 Freezing Cloud           Conj/Ice/Air   50%        6-21      1%          5
 Irradiate                Conj/Tmut      51%        3d28      1%          5
 Lee's Rapid Deconstruct  Erth           56%        3d27*     1%          5
 Lightning Bolt           Conj/Air       48%        1d69      1%          5
 Metabolic Englaciation   Hex/Ice        45%        N/A       1%          5
 Silence                  Hex/Air        44%        N/A       1%          5
 Summon Mana Viper        Hex/Summ       100%       N/A       1%          5
 Yara's Violent Unravell  Hex/Tmut       48%        3d19      1%          5
 Death Channel            Necr           74%        N/A       1%          6
 Dispersal                Tloc           53%        N/A       1%          6
 Dragon Form              Tmut           58%        N/A       1%          7
 Monstrous Menagerie      Summ           70%        N/A       1%          7
 Summon Hydra             Summ           70%        N/A       1%          7
 Fulminant Prism          Conj/Hex       38%        3d18      2%          4
 Iron Shot                Conj/Erth      50%        9d10      3%          6
 Cause Fear               Hex            34%        N/A       4%          4
 Conjure Ball Lightning   Conj/Air       48%        3x3d17    4%          6
 Ozocubu's Refrigeration  Ice            54%        4d19      4%          7
 Olgreb's Toxic Radiance  Pois           59%        N/A       8%          4
 Death's Door             Necr           74%        N/A       34%         9
 Disjunction              Tloc           53%        N/A       36%         8
 Enfeeble                 Hex            34%        N/A       95%         7
 Polar Vortex             Ice            54%        N/A       98%         9
 Fire Storm               Conj/Fire      54%        8d14      99%         9
 Discord                  Hex            34%        N/A       100%        8
 Chain Lightning          Conj/Air       48%        3d64      100%        9


Dungeon Overview and Level Annotations

Branches:
Dungeon (15/15)            Temple (1/1) D:4            Lair (5/5) D:9
  Swamp (4/4) Lair:3        Snake (4/4) Lair:3        Slime (5/5) Lair:4
    Orc (2/2) D:11            Elf (0/3) Orc:2        Vaults (5/5) D:14
  Crypt (3/3) Vaults:3       Tomb (3/3) Crypt:3      Depths (4/4) D:15
   Hell (visited)             Dis (7/7) Hell            Geh (7/7) Hell
    Coc (7/7) Hell            Tar (7/7) Hell            Zot (5/5) Depths:4
Ossuary (visited)           IceCv (visited)          WizLab (visited)

Altars:
Ashenzari
Cheibriados
Dithmenos
Elyvilon
Gozag
Hepliaklqana
Kikubaaqudgha
Makhleb
Nemelex Xobeh
Okawaru
Qazlal
Ru
Trog
Uskayaw
Vehumet
Wu Jian
Yredelemnul
Zin
The Shining One
Jiyva

Shops:
D:1 ==*   D:13 [   Orc:2 [?![   Snake:4 *   Vaults:3 [((

Portals:
Hell: Depths:1 Depths:3 Depths:4
Abyss: Depths:3
Pandemonium: Depths:2

Annotations:
D:1 exclusion: downstairs
D:2 Sigmund
D:5 3 runed translucent doors, exclusion: 3 doors, Ofeo's ghost, amateur MeEE; SnakkuSnakku7's ghost, weakling HuDe; nickcage's ghost, novice MfGl
D:7 exclusion: downstairs
D:10 2 transporters
Snake:4 Mara
Orc:1 3 runed translucent doors, hilljack's ghost, novice FeTm
Tomb:2 2 exclusions
Depths:3 3 runed translucent doors, FizzleBang29's ghost, veteran MeBr
Dis:4 15 runed doors
Dis:7 1 exclusion
Geh:3 1 exclusion


Innate Abilities, Weirdness & Mutations

You are an undead lich.
Your unarmed attacks are suffused with negative energy.
You are immune to unholy pain and torment.
Your necromantic spells are more powerful.
You cannot drink.
You are immune to poison.
You are too large for most types of armour.
You have tough skin. (AC +1)
You are agile. (Dex +4, Str/Int -1)
You possess an exceptional clarity of mind.
Your spells are a little harder to cast, but a little more powerful.


Message History

The Tzitzimitl bites your shadow dragon.
Your golden dragon bites the Tzitzimitl.
Your golden dragon claws the Tzitzimitl.
Your quicksilver dragon bites the Tzitzimitl!
Your quicksilver dragon claws the Tzitzimitl.
The Tzitzimitl bites your quicksilver dragon!
Your golden dragon breathes fire at the Tzitzimitl.
The bolt of fire hits the Tzitzimitl!!
The Tzitzimitl dies!
There is a stone staircase leading up here.
You climb upwards.
Level annotation: exclusion: downstairs
There is a stone staircase leading down here.
Casting: Passwall (safe; 1% risk of failure)
Confirm with . or Enter, or press ? or * to list all spells.
Aiming: Passwall (safe; 1% risk of failure)
Press: ? - help, Dir - move target A rock wall.
This square is covered in magical glow.
You begin to meditate on the wall.
You continue meditating on the rock. x2
You finish merging with the rock.
Casting: Passwall (safe; 1% risk of failure)
Confirm with . or Enter, or press ? or * to list all spells.
Aiming: Passage of Golubria (safe; 1% risk of failure)
Press: ? - help, Dir - move target The Orb disrupts the stability of your passage!
You enter the passage of Golubria.
There is a passage of Golubria here.
Casting: Passage of Golubria (safe; 1% risk of failure)
Confirm with . or Enter, or press ? or * to list all spells.
Aiming: Passage of Golubria (safe; 1% risk of failure)
Press: ? - help, Dir - move target The Orb disrupts the stability of your passage!
You enter the passage of Golubria.
Blink to where?
Press: ? - help, Dir - move target
As you read the scroll of blinking {@r4}, it crumbles to dust.
You hear an angry hiss.
There is a staircase leading out of the dungeon here.
You have escaped!

###....##.##### #.........#
# ........#.....#
#.######### *
.##....##.###.#* ##.# *
.##..#.##.##*#.###.##
.#......#..####.#.###*## * *
.....####..#####.#####..,, ,
, ,,
######....#.###.#.###.#,****
***# *#.# #.##.##.#.#.#.#.#*
* # ... #.##.###.#.L.#.#* .#
# ##.###....##.#.#.#.#.# .#
# #...##....#.###.#.###.#.#
# .....###...#####.#####.{#
# #...## #.#..###.#.###...#
# .....###.....#.###.##.#.#
# ......##......#####...#.#
# .......##.....###.###.#.#
# ......####........###.#.#
#


There were no monsters in sight!

Vanquished Creatures
  the Royal Jelly (Slime:5)
  Mnoleg (Pan)
  2 dread liches (Tar:4)
  3 ancient liches
  A pandemonium lord (Zig:13)
  A juggernaut (Dis:7)
  10 royal mummies
  A Killer Klown (Zot:5)
  5 caustic shrikes
  2 shard shrikes (Coc:7)
  Geryon (Hell)
  A bone dragon (Tar:7)
  A Brimstone Fiend (Geh:7)
  A doom hound (Tar:7)
  7 Tzitzimimeh
  3 Hell Sentinels
  A tainted leviathan (Tar:4)
  2 tentacled monstrosities
  3 Orb Guardians
  3 liches
  4 deep elf blademasters (Zig:16)
  A deep elf master archer (Zig:4)
  2 death cobs (Zot:5)
  A tentacled starspawn (Abyss:4)
  9 ancient champions
  Murray (Hell)
  2 sphinxes (Tomb:1)
  2 sphinxes (shapeshifter) (Zig:14)
  4 acid blobs (Slime:5)
  2 Executioners
  3 tengu reavers (Zig:10)
  A fenstrider witch (shapeshifter) (Zig:14)
  A storm dragon (Zot:2)
  3 demonspawn warmongers (Zig:13)
  7 revenants
  6 nagarajas
  2 iron dragons
  A draconian knight (Zig:3)
  2 fire giants
  7 azure jellies
  3 quicksilver elementals
  6 narguns
  2 ghost moths
  A caustic shrike zombie (Hell)
  A frost giant (Zig:9)
  A deep elf sorcerer (Zig:10)
  2 shard shrike simulacra
  3 balrugs
  3 orc warlords
  2 draconian stormcallers (Zot:4)
  5 cacodemons
  4 ghouls
  A caustic shrike skeleton (Hell)
  A spriggan defender (Depths:4)
  A draconian annihilator (Zig:3)
  An ironbound preserver (Vaults:2)
  A stone giant (Zig:9)
  11 quicksilver oozes
  7 vampire knights
  3 war gargoyles
  13 elemental wellsprings
  A green draconian (Zot:5)
  3 reapers
  2 demonspawn black suns (Pan)
  An eleionoma (Zig:8)
  2 lorocyprocas (Zig:13)
  3 white draconians (Zot:1)
  4 deep elf demonologists
  A bunyip (Swamp:1)
  A bennu (Tomb:2)
  2 yellow draconians
  3 entropy weavers (Zig:11)
  A purple draconian (Zot:3)
  3 deep elf annihilators
  6 wendigos
  12 blizzard demons
  2 red draconians
  2 green deaths
  9 mummy priests
  A deep elf death mage (Crypt:3)
  4 eidola
  12 jiangshi
  A yaktaur captain (Vaults:5)
  A merfolk impaler (Zig:4)
  A great orb of eyes (Zig:7)
  A spectral spriggan (Tar:2)
  2 boulder beetles (Zig:11)
  2 spriggan zombies
  A rakshasa (Depths:3)
  3 juggernaut simulacra
  3 hydras
  3 naga warriors
  An alligator snapping turtle (shapeshifter) (Zig:14)
  A spriggan air mage (Zig:10)
  5 caustic shrike simulacra
  A spriggan skeleton (Crypt:3)
  2 anacondas
  An ogre mage (Orc:2)
  A two-headed ogre (D:10)
  3 salamander tyrants
  2 death yaks (IceCv)
  2 ironbound frosthearts
  8 hell hogs
  69 death scarabs
  A titan zombie (Crypt:2)
  A vampire mage (Crypt:1)
  2 dancing weapons (Dis:7)
  A naga sharpshooter (Zig:15)
  4 orc high priests (Zig:11)
  6 soul eaters
  3 crystal echidnas
  3 shock serpents
  4 deep elf knights
  A pharaoh ant (Zig:11)
  A spectral bunyip (Tar:2)
  3 shadow wraiths
  A salamander mystic (Snake:2)
  A sea snake (Zig:4)
  13 skeletal warriors
  A shadow demon (Zig:13)
  An anaconda zombie (Tomb:3)
  2 quicksilver dragon simulacra
  3 nameless horrors
  2 goliath frogs
  A spriggan druid (Zig:8)
  2 deep trolls
  A sea snake (shapeshifter) (Zig:14)
  A goliath frog (shapeshifter) (Zig:10)
  A bog body (Crypt:2)
  An orb spider (shapeshifter) (Zig:14)
  2 glowing orange brains (Abyss:4)
  A swamp dragon (Zig:8)
  A lindwurm (Vaults:3)
  A flayed ghost (Crypt:3)
  4 wizards
  2 deep elf archers (Zig:16)
  3 naga ritualists (Zig:6)
  An orc knight (Zig:11)
  4 spriggan simulacra
  4 phantasmal warriors
  6 deep elf zephyrmancers
  3 harpies (Zig:4)
  2 necromancers
  2 mana vipers
  2 deep elf pyromancers (Zig:16)
  A wolf spider (Zig:11)
  4 shining eyes
  An ugly thing (Zig:10)
  A faun (Zig:4)
  A moth of wrath (Zot:1)
  3 orc sorcerers (Zig:11)
  2 elephants (Lair:4)
  6 naga magi
  A rust devil (Depths:3)
  8 salamanders
  5 guardian serpents (Zig:15)
  8 black mambas
  A vault sentinel (Zig:9)
  4 orange demons (Pan)
  8 ice statues
  9 hellions
  2 titan simulacra
  A komodo dragon (Lair:2)
  5 freezing wraiths
  A cane toad (Lair:2)
  2 yaktaurs (Vaults:5)
  4 anaconda simulacra
  2 rime drakes
  4 tormentors
  2 ice devils (Pan)
  2 spectral nagas (Tar:2)
  2 demonic crawlers (Zig:11)
  4 merfolk (Zig:4)
  A tyrant leech (Zig:8)
  A tengu conjurer (Depths:1)
  28 guardian mummies
  2 trolls (Zig:11)
  A meliai (Zig:11)
  6 polar bears (IceCv)
  18 slime creatures
  An iron dragon simulacrum (Coc:2)
  A hornet (Depths:4)
  A raiju (Zig:3)
  An ettin zombie (Tomb:3)
  38 flying skulls
  2 culicivoras (Zig:11)
  A stone giant simulacrum (Coc:3)
  An air elemental (Zig:16)
  A wyvern (D:5)
  2 dire elephant simulacra
  2 jumping spiders (Zig:11)
  4 ynoxinuls
  2 shadows (Crypt:3)
  12 yaks
  4 ushabtiu
  A fire bat (Abyss:4)
  A water elemental (Zig:16)
  2 ettin skeletons
  A steam dragon (D:7)
  A neqoxec (WizLab)
  A naga simulacrum (Coc:1)
  6 golden eyes
  A vampire mosquito (D:10)
  9 harpy simulacra
  5 nagas
  A naga zombie (Crypt:2)
  2 chaos spawn
  15 large abominations (Abyss:4)
  A warg (Snake:3)
  A deep troll zombie (Tomb:3)
  A water moccasin (Lair:1)
  2 floating eyes (Abyss:4)
  A hydra simulacrum (Coc:6)
  A floating eye (shapeshifter) (Zig:14)
  3 sky beasts
  14 orc warriors
  4 ogres
  2 centaurs (Zig:4)
  5 wolves
  4 necrophages
  A demonspawn simulacrum (Hell)
  A scorpion (D:7)
  A wight (D:10)
  Dowan (D:4)
  9 small abominations
  A killer bee (D:14)
  2 electric eels
  4 starcursed masses (Abyss:4)
  3 centaur zombies
  A hound (D:6)
  2 orc priests
  A human skeleton (Crypt:1)
  An iguana (D:4)
  4 hell rats (Hell)
  3 orc wizards
  31 mummies
  4 adders
  An ufetubus (D:5)
  11 orcs
  3 endoplasms (D:1)
  2 goblins
  A hobgoblin (D:3)
  11 kobolds
  A quokka (D:5)
  A ball python (D:2)
  A frilled lizard (D:1)
  2 rats
  A starspawn tentacle (Abyss:4)
885 creatures vanquished.

Vanquished Creatures (collateral kills)
  Cerebov (Pan)
  Antaeus (Coc:7)
  Asmodeus (Geh:7)
  Ereshkigal (Tar:7)
  Dissolution (Slime:5)
  Gloorx Vloq (Pan)
  the Serpent of Hell (Geh:7)
  Lom Lobon (Pan)
  5 dread liches
  4 orbs of fire (Zot:5)
  Dispater (Dis:7)
  5 ancient liches
  Khufu (Crypt:3)
  6 juggernauts
  Mennas (Tomb:2)
  20 royal mummies
  3 Killer Klowns
  7 shard shrikes
  Saint Roka (Snake:3)
  Bai Suzhen (Crypt:2)
  A curse toe (Zot:5)
  5 caustic shrikes
  The ghost of Soesill the Warrior, an adept DgCj (Depths:4)
  3 pandemonium lords
  10 bone dragons
  9 golden dragons
  5 doom hounds (Tar:7)
  4 profane servitors
  A Hellbinder (WizLab)
  2 electric golems
  15 Tzitzimimeh
  7 Brimstone Fiends
  11 hellephants
  Rupert (D:15)
  5 iron giants
  6 tainted leviathans (Tar:7)
  5 liches
  15 searing wretches
  17 tentacled monstrosities
  17 Ice Fiends
  15 Hell Sentinels
  Asterion (Vaults:1)
  6 titans
  2 deep elf master archers
  20 Orb Guardians
  A tentacled starspawn (Abyss:4)
  14 acid blobs
  23 ancient champions
  13 Executioners
  Gastronok (D:12)
  A death cob (Zot:2)
  Frances (Swamp:1)
  Kirke (D:15)
  An eldritch tentacle (Tomb:3)
  11 sphinxes
  3 draconian monks
  8 storm dragons
  7 tengu reavers
  6 shadow dragons
  6 rockslimes
  A revenant (Crypt:2)
  9 narguns
  2 demonspawn warmongers (Pan)
  20 fire giants
  5 azure jellies
  An orc warlord (Vaults:3)
  11 frost giants
  A deep elf sorcerer (Vaults:5)
  4 nagarajas
  A draconian knight (Zot:3)
  A frost giant (shapeshifter) (Vaults:5)
  13 vault wardens
  9 quicksilver elementals
  An emperor scorpion (Zig:11)
  2 draconian scorchers
  10 iron dragons
  2 draconian shifters
  10 cacodemons
  A caustic shrike zombie (Crypt:1)
  2 shard shrike simulacra (Coc:7)
  A curse skull (Pan)
  A draconian stormcaller (Zot:1)
  3 spectral caustic shrikes
  A ghost moth (Zot:1)
  33 balrugs
  7 quicksilver oozes
  5 stone giants
  20 war gargoyles
  2 ghouls (Crypt:2)
  5 draconian annihilators
  9 reapers
  16 ironbound preservers
  2 spriggan defenders (Depths:4)
  A demonspawn blood saint (WizLab)
  20 very ugly things
  4 ironbound thunderhulks
  3 eleionomae
  12 elemental wellsprings
  5 vampire knights
  2 lorocyprocas
  5 green draconians
  7 bennus
  2 bunyips
  A demonspawn black sun (Pan)
  4 deep elf demonologists
  8 wendigos
  2 deep elf annihilators (Vaults:5)
  7 red draconians
  6 purple draconians
  2 black draconians
  6 putrid mouths
  9 dire elephants
  11 iron golems
  An entropy weaver (Vaults:1)
  5 eidola (Tar:7)
  9 spark wasps
  3 yellow draconians
  3 deep elf death magi
  7 green deaths
  20 ettins
  2 crystal guardians (Vaults:3)
  14 mummy priests
  4 blizzard demons
  11 fire dragons
  7 jiangshi
  Josephine (D:11)
  3 deep elf high priests (Vaults:5)
  33 vault guards
  3 spectral spriggans
  24 salamander tyrants
  4 great orbs of eyes
  14 yaktaur captains
  2 rakshasas (Depths:2)
  3 ice dragons
  3 caustic shrike simulacra
  4 spriggan air magi
  16 hydras
  A hell beast (WizLab)
  3 ogre magi (Orc:2)
  A peacekeeper (Vaults:3)
  4 boulder beetles
  2 alligators (Swamp:2)
  A catoblepas (Lair:5)
  7 centaur warriors
  5 death knights
  5 naga warriors (Snake:4)
  2 juggernaut simulacra
  2 ghost crabs
  10 anacondas
  12 two-headed ogres
  3 ironbound frosthearts
  20 dancing weapons
  10 stokers
  22 death scarabs
  8 tengu warriors
  4 death yaks
  4 deep troll earth magi
  2 deep troll shamans (Depths:3)
  25 hell hogs
  A shock serpent (shapeshifter) (D:14)
  4 shock serpents
  10 naga sharpshooters
  5 vampire magi
  A thrashing horror (Zig:2)
  2 deep elf knights (Zig:16)
  16 soul eaters
  3 spriggan berserkers
  58 sun demons
  7 crystal echidnas
  A titan skeleton (Zig:5)
  2 hell knights
  An iron troll (shapeshifter) (Zig:14)
  2 fire crabs (Swamp:4)
  20 sixfirhies
  2 iron trolls
  4 salamander mystics
  A quicksilver dragon simulacrum (Coc:5)
  24 skeletal warriors
  A spectral anaconda (Lair:5)
  15 shadow wraiths
  A spectral death yak (Lair:5)
  2 goliath frogs
  7 sea snakes
  3 shadow demons
  A death drake (shapeshifter) (D:14)
  39 deep trolls
  4 spriggan druids
  6 swamp dragons
  9 wizards
  4 flayed ghosts
  5 phantasmal warriors
  A steelbarb worm (Zig:11)
  A spectral iron dragon (Tar:3)
  2 glowing orange brains
  4 naga ritualists
  7 necromancers
  2 bog bodies
  3 orc knights
  2 obsidian statues
  11 lindwurms
  A wolf spider zombie (D:15)
  A bunyip skeleton (Pan)
  A deep elf zephyrmancer (D:12)
  18 ironbound convokers
  A deep elf pyromancer (D:15)
  6 mana vipers
  5 shining eyes
  4 manticores
  20 ugly things
  9 moths of wrath
  3 orc sorcerers
  4 will-o-the-wisps
  9 salamanders
  A spectral centaur (Tar:1)
  28 elephants
  4 cyclopes
  4 nameless horrors
  5 guardian serpents
  5 ice statues
  2 eyes of devastation (shapeshifter) (Zig:9)
  6 eyes of devastation
  14 naga magi
  6 molten gargoyles (Geh:7)
  21 black mambas
  Joseph (D:8)
  9 rust devils
  A dire elephant zombie (Lair:5)
  4 titan simulacra
  3 torpor snails
  An apocalypse crab (Zig:14)
  11 orange demons
  10 smoke demons
  2 centaur skeletons
  13 vault sentinels
  9 demonic crawlers
  8 cane toads
  Maggie (D:6)
  A rime drake (Lair:4)
  A gargoyle (D:12)
  3 hellions
  8 freezing wraiths
  A bunyip simulacrum (Coc:1)
  2 anaconda simulacra
  5 efreet
  8 hellwings
  3 komodo dragons
  17 yaktaurs
  23 guardian mummies
  9 tormentors
  A tengu conjurer (D:15)
  4 ancient zymes
  2 spectral harpies
  6 ice devils
  A spectral naga (Tar:1)
  4 meliai
  3 red devils
  A merfolk (Zig:4)
  A death drake zombie (Crypt:2)
  6 polar bears
  A troll (shapeshifter) (Zig:14)
  5 trolls
  22 large abominations
  A wolf spider simulacrum (D:15)
  A harpy skeleton (Crypt:2)
  7 hornets
  A hornet (shapeshifter) (D:14)
  A tarantella (Vaults:1)
  Prince Ribbit (D:7)
  8 tyrant leeches
  66 slime creatures
  6 blink frogs
  5 raiju (Abyss:4)
  A snapping turtle (Zig:4)
  3 spectral elephants (Lair:5)
  A jumping spider (Zig:11)
  An iron dragon simulacrum (Crypt:3)
  A fire dragon zombie (Crypt:2)
  A stone giant simulacrum (Coc:2)
  3 ynoxinuls
  2 centaur simulacra
  An air elemental (Zig:16)
  5 water elementals (Depths:2)
  A culicivora (Zig:11)
  A vampire (D:13)
  7 spriggans
  6 wraiths
  30 flying skulls
  3 starcursed masses (Abyss:4)
  5 ushabtiu
  51 yaks
  2 wyverns
  2 shadows
  A human (Zot:4)
  2 dire elephant simulacra
  2 fire elementals (Zig:16)
  5 hogs (D:15)
  5 basilisks
  5 golden eyes
  10 small abominations
  4 fire bats
  2 golden eyes (shapeshifter) (Vaults:5)
  2 steam dragons
  2 death yak simulacra (Lair:5)
  7 redbacks
  9 chaos spawn
  6 harpy simulacra
  11 neqoxecs
  A swamp worm (shapeshifter) (Depths:2)
  4 vampire mosquitoes (D:11)
  A spectral cane toad (Lair:5)
  7 swamp worms
  18 nagas
  5 wargs
  An acid dragon (shapeshifter) (Vaults:5)
  A hydra simulacrum (Coc:3)
  3 hell hounds (Pan)
  10 water moccasins
  A cane toad zombie (Crypt:1)
  A floating eye (Pan)
  A sky beast (D:7)
  A naga skeleton (Pan)
  21 orc warriors
  An ice beast (D:7)
  3 elephant zombies (Lair:5)
  11 swamp drakes
  27 ogres
  17 wolves
  An elephant skeleton (Lair:5)
  2 hog zombies (Crypt:2)
  3 phantoms
  6 centaurs
  4 kobold brigands
  9 bullfrogs
  An earth elemental (Zig:16)
  2 cane toad simulacra (Lair:5)
  2 necrophages
  13 wights
  A spriggan zombie (Crypt:2)
  10 killer bees
  3 elephant simulacra (Lair:5)
  3 howler monkeys
  3 centaur zombies
  A lava snake (Swamp:4)
  3 quasits
  2 human zombies (Crypt:1)
  An iron imp (Abyss:4)
  A jelly (D:7)
  3 hounds (D:9)
  12 orc priests
  A bullfrog skeleton (Crypt:2)
  2 human skeletons (Crypt:1)
  12 orc wizards
  A boggart zombie (D:15)
  An iguana (D:6)
  A hound skeleton (Crypt:2)
  25 mummies
  2 gnolls (D:2)
  2 adders
  3 dart slugs
  42 orcs
  5 bats
  3 endoplasms
  4 giant cockroaches
  2 goblins
  3 hobgoblins (D:1)
  23 kobolds
  2 ball pythons
  2 hobgoblin zombies (Ossuary)
  A rat (D:2)
  3 ball lightnings
  A creeping inferno (Geh:7)
  11 fire vortices
  2 plants (Snake:4)
  2 starspawn tentacles (Abyss:4)
2378 creatures vanquished.

Vanquished Creatures (others)
  2 pandemonium lords (Zig:10)
  A quicksilver dragon (shapeshifter) (Zig:10)
  33 eldritch tentacles
  An ancient champion (Dis:7)
  A death cob (Zot:2)
  A storm dragon (Zot:2)
  A fire giant (Zig:9)
  A demonspawn blood saint (Zig:13)
  A war gargoyle (Dis:7)
  A green death (Zig:10)
  A salamander tyrant (Zig:15)
  An ironbound frostheart (IceCv)
  A death yak (IceCv)
  A hell hog (Geh:1)
  A sixfirhy (WizLab)
  A spriggan simulacrum (Coc:7)
  A wizard (Pan)
  A mana viper (Snake:3)
  An ice statue (IceCv)
  An apocalypse crab (Zig:10)
  A gargoyle (D:11)
  A demonic crawler (Hell)
  A freezing wraith (Crypt:3)
  An iron giant simulacrum (Coc:7)
  2 bloated husks (Swamp:2)
  A polar bear (IceCv)
  A flying skull (Abyss:4)
  A ynoxinul (Pan)
  2 yaks
  2 vampire mosquitoes (D:10)
  2 nagas
  Duvessa (D:4)
  An orc warrior (Snake:3)
  2 swamp drakes (Swamp:4)
  An ice beast (D:5)
  A black bear (D:6)
  An ogre (Orc:2)
  3 wolves (IceCv)
  A scorpion (D:5)
  2 killer bees (D:7)
  A mummy (Tomb:1)
  3 orcs
  27 ball lightnings
  A block of ice (Pan)
  2 creeping infernos
  16 fire vortices
  17 foxfires
  8 fungi
  A lurking horror (Abyss:4)
  107 plants
  7 starspawn tentacles (Abyss:4)
  21 withered plants
292 creatures vanquished.

Grand Total: 3555 creatures vanquished

Notes
Turn   | Place    | Note
-------+----------+-------------------------------------------
     0 | D:1      | iguanaiguana the Ogre Summoner began the quest for the Orb.
     0 | D:1      | Reached XP level 1. HP: 16/16 MP: 3/3
    28 | D:1      | Reached skill level 1 in Fighting
    40 | D:1      | Reached XP level 2. HP: 28/28 MP: 5/5
    43 | D:1      | Learned a level 2 spell: Call Imp
   231 | D:1      | Found Keefehuc's Assorted Antiques.
   343 | D:2      | Noticed Sigmund
   505 | D:1      | Reached XP level 3. HP: 16/37 MP: 2/6
   507 | D:1      | Reached skill level 1 in Staves
   551 | D:1      | Found Feqodgh's Jewellery Boutique.
   704 | D:2      | Learned a level 3 spell: Call Canine Familiar
   883 | D:3      | Reached XP level 4. HP: 41/45 MP: 1/7
  1200 | D:3      | Reached skill level 4 in Summonings
  1282 | D:1      | Found Goes's Jewellery Emporium.
  1331 | D:1      | Bought a pink potion for 17 gold pieces
  1331 | D:1      | Bought 3 scrolls labelled EVEUT KUWUTOTA for 57 gold pieces
  1331 | D:1      | Bought a white potion for 17 gold pieces
  1530 | D:4      | Found an opulent altar of Gozag.
  1650 | D:4      | Found a sand-covered staircase.
  1660 | D:4      | Reached XP level 5. HP: 53/53 MP: 3/8
  1662 | Ossuary  | Entered an ossuary
  1684 | Ossuary  | Reached skill level 5 in Summonings
  1689 | Ossuary  | Reached XP level 6. HP: 49/61 MP: 3/9
  1721 | Ossuary  | Reached skill level 6 in Summonings
  1777 | Ossuary  | Learned a level 3 spell: Summon Guardian Golem
  1895 | D:4      | Noticed Duvessa
  1909 | D:4      | Noticed Dowan
  1923 | D:4      | Killed Duvessa
  1934 | D:4      | Killed Dowan
  1935 | D:4      | Reached XP level 7. HP: 61/67 MP: 3/10
  1981 | D:4      | Found a staircase to the Ecumenical Temple.
  1992 | Temple   | Entered the Ecumenical Temple
  2032 | Temple   | Became a worshipper of Ashenzari the Shackled
  2537 | D:5      | Entered Level 5 of the Dungeon
  2537 | D:5      | Noticed a wyvern
  2861 | D:5      | Reached skill level 1 in Armour
  3062 | D:5      | Found a runed translucent gate.
  3062 | D:5      | Found a runed translucent gate.
  3063 | D:5      | Found a runed translucent gate.
  3070 | D:5      | Noticed Ofeo's ghost (amateur MeEE)
  3070 | D:5      | Noticed nickcage's ghost (novice MfGl)
  3070 | D:5      | Noticed SnakkuSnakku7's ghost (weakling HuDe)
  3117 | D:5      | Reached skill level 7 in Summonings
  3134 | D:5      | Killed a wyvern
  3135 | D:5      | Reached XP level 8. HP: 64/75 MP: 7/11
  3176 | D:5      | Reached skill level 1 in Air Magic
  3348 | D:1      | Bought a notched cabochon ring for 95 gold pieces
  3568 | D:6      | Learned a level 4 spell: Summon Lightning Spire
  3615 | D:6      | Identified the +5 bardiche of Ash {holy, rPois rC+ SInv}
  3620 | D:6      | Reached * piety under Ashenzari
  3763 | D:6      | Noticed Maggie
  3930 | D:6      | Learned a level 3 spell: Swiftness
  4001 | D:6      | Reached XP level 9. HP: 81/81 MP: 15/15
  4084 | D:6      | Reached skill level 5 in Air Magic
  4219 | D:7      | Reached skill level 5 in Fighting
  4302 | D:7      | Noticed Prince Ribbit
  4313 | D:7      | Killed Prince Ribbit
  4369 | D:7      | Found an ornate altar of the Wu Jian Council.
  4509 | D:6      | Killed Maggie
  4510 | D:6      | Reached XP level 10. HP: 47/104 MP: 1/16
  4606 | D:8      | Noticed Joseph
  4814 | D:7      | Reached ** piety under Ashenzari
  5148 | D:8      | Killed Joseph
  5149 | D:8      | Reached skill level 1 in Throwing
  5149 | D:8      | Reached skill level 1 in Evocations
  5209 | D:8      | Identified the Commentary on Transforming Assembling
  5382 | D:9      | Reached skill level 8 in Summonings
  5433 | D:10     | Entered Level 10 of the Dungeon
  5446 | D:10     | Found an ancient bone altar of Kikubaaqudgha.
  5530 | D:9      | Found a staircase to the Lair.
  5566 | D:9      | Reached XP level 11. HP: 111/111 MP: 8/17
  5632 | D:9      | Found a basalt altar of Yredelemnul.
  5742 | D:10     | Noticed a deep elf pyromancer
  5745 | D:10     | Noticed an ice dragon
  5748 | D:10     | Noticed a manticore
  5807 | Lair:1   | Entered Level 1 of the Lair of Beasts
  5869 | Lair:1   | Found a frozen archway.
  5888 | IceCv    | Entered an ice cave
  5998 | IceCv    | Reached skill level 9 in Summonings
  6131 | IceCv    | Reached skill level 1 in Transmutations
  6288 | IceCv    | Learned a level 2 spell: Passwall
  6342 | IceCv    | Reached skill level 1 in Earth Magic
  6464 | IceCv    | Reached skill level 5 in Spellcasting
  6926 | IceCv    | Noticed a death yak
  6945 | IceCv    | Reached XP level 12. HP: 94/119 MP: 12/24
  7054 | IceCv    | Noticed a death yak
  7054 | IceCv    | Noticed a death yak
  7086 | IceCv    | Killed a death yak
  7089 | IceCv    | Noticed a death yak
  7094 | IceCv    | Killed a death yak
  7095 | IceCv    | Reached skill level 10 in Summonings
  7095 | IceCv    | Killed a death yak
  7095 | IceCv    | Noticed an ironbound frostheart
  7101 | IceCv    | Killed a death yak
  7103 | IceCv    | Killed an ironbound frostheart
  7148 | IceCv    | Noticed an ironbound frostheart
  7158 | IceCv    | Killed an ironbound frostheart
  7159 | IceCv    | Reached skill level 11 in Summonings
  7232 | IceCv    | Noticed a death yak
  7232 | IceCv    | Noticed a death yak
  7232 | IceCv    | Identified the +8 broad axe "Kuomiwam" {flame, rF+ rCorr
                  | MP-9 Dex+5}
  7313 | IceCv    | Killed a death yak
  7374 | IceCv    | Killed a death yak
  7532 | D:10     | Reached skill level 12 in Summonings
  7574 | D:10     | Reached *** piety under Ashenzari
  7622 | D:10     | Learned a level 7 spell: Summon Hydra
  7630 | D:10     | Noticed a centaur warrior
  7637 | D:10     | Killed a centaur warrior
  7764 | D:10     | Found a sparkling altar of Nemelex Xobeh.
  7764 | D:10     | Found a transporter.
  7785 | D:10     | Noticed a two-headed ogre
  7787 | D:10     | Killed a two-headed ogre
  7873 | D:10     | Found a transporter.
  7889 | D:11     | Found a staircase to the Orcish Mines.
  7891 | D:11     | Noticed a nameless horror
  7907 | D:10     | Killed a nameless horror
  8012 | D:10     | Reached skill level 13 in Summonings
  8051 | D:11     | Reached XP level 13. HP: 92/127 MP: 25/25
  8250 | Orc:1    | Entered Level 1 of the Orcish Mines
  8495 | Orc:1    | Found a runed translucent gate.
  8498 | Orc:1    | Found a runed translucent gate.
  8499 | Orc:1    | Found a runed translucent gate.
  8499 | Orc:1    | Noticed a merfolk impaler
  8499 | Orc:1    | Noticed a merfolk javelineer
  8499 | Orc:1    | Identified the +2 glaive of Desperation {drain, +Blink
                  | rPois rF- SInv}
  8500 | Orc:1    | Noticed hilljack's ghost (novice FeTm)
  8501 | Orc:1    | Noticed an orc warlord
  8509 | Orc:1    | Found an iron altar of Okawaru.
  8679 | Orc:2    | Entered Level 2 of the Orcish Mines
  8697 | Orc:2    | Reached **** piety under Ashenzari
  8751 | Orc:2    | Found a staircase to the Elven Halls.
  9071 | D:1      | Bought the ring "Kocreut" {Int+6 Dex+4} for 616 gold pieces
  9425 | Orc:2    | Reached skill level 14 in Summonings
  9597 | Orc:2    | Reached skill level 1 in Conjurations
  9597 | Orc:2    | Reached skill level 1 in Ice Magic
  9620 | Orc:2    | Found Yckitiss's Magic Scroll Emporium.
  9620 | Orc:2    | Found Ittuojik's Armour Shop.
  9620 | Orc:2    | Found Ciabbeng's Antique Armour Boutique.
  9620 | Orc:2    | Found Cymetap's Distillery.
  9789 | Orc:2    | Bought a potion of heal wounds for 75 gold pieces
  9789 | Orc:2    | Bought a potion of heal wounds for 75 gold pieces
  9789 | Orc:2    | Bought a potion of haste for 150 gold pieces
  9789 | Orc:2    | Bought a potion of brilliance for 60 gold pieces
  9790 | Orc:2    | Bought a scroll of magic mapping for 112 gold pieces
  9793 | Orc:2    | Bought a potion of lignification for 45 gold pieces
  9854 | Orc:2    | Learned a level 5 spell: Freezing Cloud
  9958 | D:11     | Noticed Josephine
  9964 | D:11     | Killed Josephine
  9965 | D:11     | Reached XP level 14. HP: 114/136 MP: 17/27
 10050 | D:11     | Reached skill level 5 in Conjurations
 10050 | D:11     | Reached skill level 5 in Ice Magic
 10483 | D:12     | Identified the -2 cloak of Idetitap {Int+5}
 10627 | D:13     | Found Meseasm's Armour Shoppe.
 10629 | D:13     | Reached ***** piety under Ashenzari
 10643 | D:13     | Identified the +9 shortbow "Dageura" {flame, rElec rPois
                  | Int+4}
 10850 | D:13     | Reached skill level 10 in Spellcasting
 10957 | D:14     | Found a gate to the Vaults.
 11899 | Lair:3   | Found a staircase to the Snake Pit.
 11977 | Lair:3   | Found a staircase to the Swamp.
 11995 | Lair:3   | Reached skill level 10 in Fighting
 12170 | Lair:5   | Entered Level 5 of the Lair of Beasts
 12183 | Lair:5   | Reached XP level 15. HP: 148/154 MP: 18/31
 12267 | Lair:5   | Reached skill level 1 in Necromancy
 12276 | Lair:5   | Learned a level 6 spell: Simulacrum
 12507 | Lair:5   | Reached skill level 5 in Necromancy
 12929 | Lair:5   | Found the +10 zealot's sword {holy, *Rage rN+ EV+3}
 13148 | Lair:4   | Identified the ring "Doyx" {Drain rF+ rN+ Int+4}
 13159 | Lair:4   | Reached skill level 15 in Summonings
 13262 | Snake:1  | Entered Level 1 of the Snake Pit
 13328 | Snake:1  | Reached XP level 16. HP: 151/165 MP: 20/32
 13459 | Snake:2  | Reached skill level 16 in Summonings
 13572 | Snake:3  | Found a runed translucent door.
 13576 | Snake:3  | Noticed a nagaraja
 13590 | Snake:3  | Killed a nagaraja
 13644 | Snake:3  | Reached skill level 17 in Summonings
 13722 | Snake:4  | Entered Level 4 of the Snake Pit
 13722 | Snake:4  | Found Ugiene's General Store.
 13740 | Snake:4  | Bought a scroll of enchant armour for 97 gold pieces
 13740 | Snake:4  | Bought a scroll of amnesia for 52 gold pieces
 13740 | Snake:4  | Bought a scroll of immolation for 52 gold pieces
 13742 | Snake:4  | Bought 2 throwing nets for 78 gold pieces
 13742 | Snake:4  | Bought 2 scrolls of poison for 104 gold pieces
 13774 | Snake:4  | Reached skill level 1 in Fire Magic
 13988 | Snake:4  | Identified the +5 ring mail of Relativism {rPois rF- Str+2
                  | Stlth+}
 14009 | Snake:4  | Noticed Mara
 14032 | Snake:4  | Noticed iguanaiguana's illusion
 14072 | Snake:3  | Noticed Saint Roka
 14152 | Snake:3  | Killed Saint Roka
 14167 | Snake:3  | Learned a level 9 spell: Dragon's Call
 14308 | Snake:4  | Noticed a nagaraja
 14323 | Snake:4  | Killed a nagaraja
 14327 | Snake:4  | Reached XP level 17. HP: 181/182 MP: 1/36
 14329 | Snake:4  | Reached skill level 18 in Summonings
 14501 | Snake:4  | Got a serpentine rune of Zot
 14692 | Swamp:1  | Entered Level 1 of the Swamp
 14776 | Swamp:2  | Reached skill level 1 in Shields
 14915 | Swamp:4  | Entered Level 4 of the Swamp
 14922 | Swamp:4  | Reached skill level 5 in Shields
 15024 | Swamp:4  | Reached skill level 19 in Summonings
 15130 | Swamp:4  | Got a decaying rune of Zot
 15239 | Swamp:1  | Noticed Frances
 15242 | Swamp:1  | Killed Frances
 15243 | Swamp:1  | Reached XP level 18. HP: 141/191 MP: 17/37
 15383 | Lair:4   | Found a staircase to the Slime Pits.
 15386 | Lair:4   | Found a viscous altar of Jiyva.
 15396 | Slime:1  | Entered Level 1 of the Pits of Slime
 15529 | Slime:4  | Reached skill level 20 in Summonings
 15634 | Slime:5  | Entered Level 5 of the Pits of Slime
 15634 | Slime:5  | Noticed Dissolution
 15639 | Slime:5  | Killed Dissolution
 15645 | Slime:5  | Noticed the Royal Jelly
 15650 | Slime:5  | Killed the Royal Jelly
 15651 | Slime:5  | Reached skill level 21 in Summonings
 15688 | Slime:5  | Reached skill level 5 in Fire Magic
 15781 | Slime:5  | Identified the +8 shortbow of Iprokh Kewne {vorpal, +Blink
                  | rElec Dex-3 Stlth+}
 15783 | Slime:5  | Identified the +3 ring mail of Anaesthesia {rN+}
 15783 | Slime:5  | Identified the +11 hand axe of Fepyuliz {speed, Str-2
                  | Dex+5}
 15784 | Slime:5  | Identified the +5 scimitar "Surchovij" {freeze, *Slow rCorr
                  | Int+6}
 15785 | Slime:5  | Reached XP level 19. HP: 188/198 MP: 4/38
 15800 | Slime:5  | Identified the +1 ring mail of Exclusion {rF+ Str-3 Int+2}
 15820 | Slime:5  | Identified the ring of Skepticism {rPois rC+ rCorr Dex-4}
 15826 | Slime:5  | Learned a level 2 spell: Sublimation of Blood
 15857 | Slime:5  | Identified the +1 chain mail of the Playwright {Rampage
                  | Stlth+}
 15891 | Slime:5  | Learned a level 4 spell: Passage of Golubria
 15901 | Slime:5  | Reached skill level 1 in Translocations
 15912 | Slime:5  | Got a slimy rune of Zot
 16252 | D:12     | Noticed Gastronok
 16259 | D:12     | Killed Gastronok
 16402 | Vaults:1 | Entered Level 1 of the Vaults
 16423 | Vaults:1 | Noticed Asterion
 16430 | Vaults:1 | Killed Asterion
 16451 | Vaults:1 | Reached skill level 5 in Translocations
 16541 | Vaults:1 | Found a magical portal.
 16555 | WizLab   | Entered The Hall of the Hellbinder
 16615 | WizLab   | Learned a level 6 spell: Statue Form
 16625 | WizLab   | Gained mutation: You are partially covered in iridescent
                  | scales. (AC +2) [mutagenic glow]
 16674 | WizLab   | Identified the Secrets of the Comitatus
 16710 | WizLab   | Gained mutation: You occasionally lose the ability to read
                  | scrolls when taking damage. [a cacodemon]
 16711 | WizLab   | Noticed Xarphuna
 16725 | WizLab   | Killed Xarphuna the Hellbinder
 16726 | WizLab   | Found a burning altar of Makhleb.
 16730 | WizLab   | Identified Dispater's Vellum of Leadership
 16746 | WizLab   | Identified the cursed +3 troll leather armour "Cursed Free
                  | Will" {Regen+, Alch, Comp} (You found it on level 14 of the
                  | Dungeon)
 16753 | WizLab   | Found the +1 cloak of Starlight {*Dazzle EV+4 Stlth--}
 16866 | Vaults:2 | Reached skill level 5 in Earth Magic
 16889 | Vaults:2 | Reached skill level 5 in Transmutations
 17113 | Vaults:3 | Found Gozag's Antique Armour Emporium.
 17115 | Vaults:3 | Found Gozag's Antique Weapon Shoppe.
 17119 | Vaults:3 | Found an opulent altar of Gozag.
 17119 | Vaults:3 | Found Gozag's Antique Weapon Emporium.
 17237 | Vaults:4 | Reached XP level 20. HP: 208/208 MP: 9/39
 17609 | Vaults:4 | Learned a level 7 spell: Malign Gateway
 17726 | Vaults:4 | Identified the +0 ring mail of Compression {Dex+2}
 17794 | Vaults:4 | Reached skill level 15 in Spellcasting
 17880 | Vaults:4 | Reached ****** piety under Ashenzari
 17910 | Vaults:5 | Entered Level 5 of the Vaults
 17910 | Vaults:5 | Noticed a dread lich
 17940 | Vaults:5 | Killed a dread lich
 18017 | Vaults:5 | Reached XP level 21. HP: 105/215 MP: 6/44
 18101 | Vaults:5 | Identified the Atlas of Combustion
 18123 | Vaults:5 | Got a silver rune of Zot
 18155 | Vaults:5 | Identified the +5 scimitar "Eviscerator" {speed, Will+}
 18229 | Vaults:5 | Identified the +7 rapier of the Distant Future {vorpal,
                  | Int+2}
 18239 | Vaults:5 | Identified the +6 battleaxe "Ogre's Death" {antimagic, rN+
                  | Str+4}
 18343 | Vaults:5 | Learned a level 8 spell: Ignition
 18357 | Vaults:5 | Noticed a golden dragon
 18363 | Vaults:5 | Killed a golden dragon
 18408 | Vaults:5 | Reached skill level 10 in Fire Magic
 18685 | Vaults:5 | Reached skill level 10 in Shields
 18956 | Vaults:4 | Lost mutation: You are partially covered in iridescent
                  | scales. (AC +2) [potion of mutation]
 18956 | Vaults:4 | Lost mutation: You occasionally lose the ability to read
                  | scrolls when taking damage. [potion of mutation]
 18956 | Vaults:4 | Gained mutation: Your mind is acute. (Int +4, Str/Dex -1)
                  | [potion of mutation]
 18956 | Vaults:4 | Gained mutation: You have sharp toenails. [potion of
                  | mutation]
 18956 | Vaults:4 | Gained mutation: You are strong-willed. (Will+) [potion of
                  | mutation]
 18956 | Vaults:4 | Gained mutation: You have razor-sharp toenails. [potion of
                  | mutation]
 19029 | Vaults:3 | Identified the +11 arbalest of Hireelaz {freeze, rC- MP+9
                  | Str+2 Dex+4}
 19051 | Vaults:3 | Found a staircase to the Crypt.
 19160 | Vaults:2 | Reached XP level 22. HP: 224/224 MP: 26/46
 19163 | Vaults:2 | Learned a level 1 spell: Apportation
 19279 | D:15     | Entered Level 15 of the Dungeon
 19302 | D:15     | Identified a scroll of acquirement
 19308 | D:15     | Acquired a scarf of resistance
 19316 | D:15     | Noticed Rupert
 19321 | D:15     | Noticed Kirke
 19323 | D:15     | Killed Kirke
 19324 | D:15     | Killed Rupert
 19448 | D:15     | Found a staircase to the Depths.
 19472 | Depths:1 | Entered Level 1 of the Depths
 19518 | Depths:1 | Found a gateway to Hell.
 19544 | Depths:1 | Identified the +3 hand axe "Wineawk" {vorpal, rF++ rC+
                  | Int-5}
 19640 | Depths:3 | Noticed FizzleBang29's ghost (veteran MeBr)
 19672 | Depths:3 | Found a runed translucent gate.
 19673 | Depths:3 | Found a runed translucent gate.
 19674 | Depths:3 | Found a runed translucent gate.
 19675 | Depths:3 | Identified the +2 pair of boots of Contumacious Awe {Dex+2}
 19675 | Depths:3 | Identified the +1 cloak of Fun and Games {rF- Will+ Str+7}
 19702 | Depths:4 | Entered Level 4 of the Depths
 19702 | Depths:4 | Found a one-way gateway to a ziggurat.
 19819 | Depths:4 | Identified the +5 scale mail of Fifuiligg {rElec rC+ Will+
                  | Regen+}
 19869 | Depths:4 | Noticed a golden dragon
 19873 | Depths:4 | Killed a golden dragon
 19892 | Depths:4 | Found a runed translucent gate.
 19892 | Depths:4 | Found a runed translucent gate.
 19892 | Depths:4 | Noticed Soesill's ghost (adept DgCj)
 19893 | Depths:4 | Found a runed translucent gate.
 19899 | Depths:4 | Noticed a juggernaut
 19899 | Depths:4 | Identified the ring of Ephynniw {*Corrode rF+ rN++ EV+4
                  | Dex+8}
 19931 | Depths:4 | Killed a juggernaut
 19938 | Depths:4 | Killed Soesill's ghost
 20024 | Zig:1    | Entered Level 1 of a ziggurat
 20037 | Zig:2    | Entered Level 2 of a ziggurat
 20054 | Zig:3    | Entered Level 3 of a ziggurat
 20054 | Zig:3    | Identified the +0 ring mail of the Valley {rF+ rN+ Stlth-}
 20076 | Zig:4    | Entered Level 4 of a ziggurat
 20091 | Zig:5    | Entered Level 5 of a ziggurat
 20112 | Zig:5    | Learned a level 8 spell: Summon Horrible Things
 20126 | Zig:6    | Entered Level 6 of a ziggurat
 20148 | Zig:7    | Entered Level 7 of a ziggurat
 20154 | Zig:7    | Identified the ring of Couchidgh {rN+ EV+4}
 20154 | Zig:7    | Identified the +6 trident of Rise {drain, rPois}
 20155 | Zig:7    | Identified the Tractate on Attacks
 20186 | Zig:8    | Entered Level 8 of a ziggurat
 20194 | Zig:8    | Identified the amulet "Zushrul" {Acrobat Rampage Dex+2}
 20197 | Zig:8    | Identified the +4 scale mail of Lelecu {Harm}
 20241 | Zig:9    | Entered Level 9 of a ziggurat
 20246 | Zig:9    | Noticed an ancient lich
 20248 | Zig:9    | Reached XP level 23. HP: 236/236 MP: 33/48
 20248 | Zig:9    | Killed an ancient lich
 20250 | Zig:9    | Reached skill level 15 in Shields
 20284 | Zig:10   | Entered Level 10 of a ziggurat
 20289 | Zig:10   | Noticed an ancient lich
 20292 | Zig:10   | Killed an ancient lich
 20293 | Zig:10   | Identified the Vellum of the Rocks and Forms
 20293 | Zig:10   | Identified the +0 chain mail of Filth {rC+ Dex+3}
 20295 | Zig:10   | Identified Sif Muna's Precepts of Apparitions
 20334 | Zig:11   | Entered Level 11 of a ziggurat
 20338 | Zig:11   | Noticed a juggernaut
 20343 | Zig:11   | Killed a juggernaut
 20355 | Zig:11   | Reached XP level 24. HP: 254/254 MP: 42/48
 20388 | Zig:12   | Entered Level 12 of a ziggurat
 20392 | Zig:12   | Noticed a caustic shrike
 20398 | Zig:12   | Killed a caustic shrike
 20402 | Zig:12   | Found the +6 arbalest "Damnation" {damnation}
 20402 | Zig:12   | Identified the +9 spear of Temperance {flame, rC+ rCorr
                  | Int-2 SInv}
 20402 | Zig:12   | Identified the ring "Voackink" {*Corrode MP+9 Str+3 Dex+6}
 20402 | Zig:12   | Identified the +2 short sword "Ybiynosu" {drain, rF+ rN+}
 20408 | Zig:13   | Entered Level 13 of a ziggurat
 20445 | Zig:13   | Noticed Tono Vurch the pandemonium lord
 20460 | Zig:13   | Killed Tono Vurch the pandemonium lord
 20490 | Zig:13   | Identified the cursed +1 hat "Circumscribed Pessimism"
                  | {Comp, Elem} (You found it on level 8 of the Dungeon)
 20513 | Zig:13   | Identified the +6 war axe "Waged" {vorpal, rN++}
 20530 | Zig:13   | Reached skill level 10 in Necromancy
 20530 | Zig:13   | Reached skill level 10 in Transmutations
 20530 | Zig:13   | Reached XP level 25. HP: 174/262 MP: 48/48
 20607 | Zig:13   | Learned a level 8 spell: Necromutation
 20609 | Zig:14   | Entered Level 14 of a ziggurat
 20616 | Zig:14   | Noticed a Killer Klown
 20616 | Zig:14   | Noticed Gulokk the pandemonium lord
 20620 | Zig:14   | Noticed a Killer Klown
 20621 | Zig:14   | Noticed a Killer Klown
 20628 | Zig:14   | Found the ring of the Hare {EV+8}
 20630 | Zig:14   | Noticed Hunn the pandemonium lord
 20631 | Zig:14   | Noticed Zokkaz the pandemonium lord
 20636 | Zig:14   | Killed a Killer Klown
 20644 | Zig:14   | Identified the +7 scimitar "Nekhlojo" {pain, rF+ rC+}
 20644 | Zig:14   | Identified the ring of Giwuet {*Corrode rF+ Str+3 Dex+8
                  | SInv}
 20649 | Zig:15   | Entered Level 15 of a ziggurat
 20730 | Zig:15   | Found the +9 staff of Wucad Mu {*channel}
 20730 | Zig:15   | Identified Sif Muna's Textbook on Flaming Congelation
 20732 | Zig:15   | Identified the +0 helmet "Ivvabuov" {rPois}
 20734 | Zig:15   | Identified the +7 arbalest "Wijocija" {freeze, rF- Int+4
                  | Stlth+}
 20836 | Zig:16   | Entered Level 16 of a ziggurat
 20845 | Zig:16   | Paralysed by an air elemental for 1 turns
 20854 | Zig:16   | Reached XP level 26. HP: 130/271 MP: 16/48
 20884 | Zig:16   | Identified the +1 ring mail of Hofisuept {Rampage rElec rF+
                  | Str+2}
 20885 | Zig:16   | Identified the ring of the Hero {rPois rC+ Str+2 Int+4
                  | Stlth+}
 21028 | Depths:1 | Found a sacrificial altar of Ru.
 21355 | Crypt:1  | Entered Level 1 of the Crypt
 21407 | Crypt:2  | Noticed a dread lich
 21407 | Crypt:2  | Identified the Book of Wicked Liturgies
 21422 | Crypt:2  | Killed a dread lich
 21431 | Crypt:2  | Reached skill level 15 in Fighting
 21515 | Crypt:2  | Noticed Bai Suzhen
 21528 | Crypt:2  | Killed Bai Suzhen
 21547 | Crypt:3  | Entered Level 3 of the Crypt
 21661 | Crypt:3  | Found an ancient bone altar of Kikubaaqudgha.
 21841 | Crypt:3  | Reached XP level 27. HP: 245/291 MP: 29/50
 22017 | Crypt:3  | Found a staircase to the Tomb.
 22017 | Crypt:3  | Noticed Khufu
 22021 | Crypt:3  | Killed Khufu
 22034 | Tomb:1   | Entered Level 1 of the Tomb of the Ancients
 22124 | Tomb:1   | Learned a level 7 spell: Haunt
 22128 | Tomb:1   | Learned a level 3 spell: Ozocubu's Armour
 22160 | Tomb:1   | Noticed a royal mummy
 22168 | Tomb:1   | Noticed a royal mummy
 22173 | Tomb:1   | Noticed a royal mummy
 22175 | Tomb:1   | Noticed a royal mummy
 22248 | Tomb:1   | Noticed a royal mummy
 22275 | Tomb:1   | Killed a royal mummy
 22284 | Tomb:1   | Killed a royal mummy
 22474 | Tomb:1   | Noticed a royal mummy
 22474 | Tomb:1   | Noticed a royal mummy
 22475 | Tomb:1   | Noticed a royal mummy
 22478 | Tomb:1   | Noticed a royal mummy
 22525 | Tomb:2   | Noticed a royal mummy
 22525 | Tomb:2   | Noticed a royal mummy
 22526 | Tomb:2   | Noticed a royal mummy
 22526 | Tomb:2   | Noticed a royal mummy
 22526 | Tomb:2   | Noticed a royal mummy
 22530 | Tomb:2   | Killed a royal mummy
 22530 | Tomb:2   | Killed a royal mummy
 22532 | Tomb:2   | Killed a royal mummy
 22532 | Tomb:2   | Killed a royal mummy
 22533 | Tomb:2   | Killed a royal mummy
 22555 | Tomb:2   | Identified the +2 scale mail "Yfeummy" {rC+ rN+}
 22653 | Tomb:2   | Noticed Mennas
 22696 | Tomb:1   | Noticed a royal mummy
 22700 | Tomb:1   | Killed a royal mummy
 22705 | Tomb:1   | Killed a royal mummy
 22709 | Tomb:1   | Killed a royal mummy
 22723 | Tomb:1   | Noticed a royal mummy
 22728 | Tomb:1   | Killed a royal mummy
 22739 | Tomb:1   | Killed a royal mummy
 22766 | Tomb:1   | Killed a royal mummy
 22780 | Tomb:1   | Killed a royal mummy
 22780 | Tomb:1   | Killed a royal mummy
 22800 | Tomb:1   | Killed a royal mummy
 22860 | Tomb:1   | Noticed a royal mummy
 22863 | Tomb:1   | Noticed a royal mummy
 22869 | Tomb:1   | Killed a royal mummy
 22870 | Tomb:1   | Killed a royal mummy
 22873 | Tomb:1   | Noticed a royal mummy
 22879 | Tomb:1   | Killed a royal mummy
 22885 | Tomb:1   | Noticed a royal mummy
 22892 | Tomb:1   | Killed a royal mummy
 22911 | Tomb:1   | Noticed a royal mummy
 22912 | Tomb:1   | Noticed a royal mummy
 22928 | Tomb:1   | Killed a royal mummy
 22928 | Tomb:1   | Killed a royal mummy
 22985 | Tomb:2   | Killed Mennas
 23117 | Tomb:3   | Entered Level 3 of the Tomb of the Ancients
 23125 | Tomb:3   | Noticed a royal mummy
 23127 | Tomb:3   | Noticed a royal mummy
 23129 | Tomb:3   | Noticed a royal mummy
 23131 | Tomb:3   | Killed a royal mummy
 23131 | Tomb:3   | Killed a royal mummy
 23131 | Tomb:3   | Killed a royal mummy
 23132 | Tomb:3   | Noticed a royal mummy
 23134 | Tomb:3   | Noticed a royal mummy
 23137 | Tomb:3   | Killed a royal mummy
 23138 | Tomb:3   | Noticed a royal mummy
 23139 | Tomb:3   | Killed a royal mummy
 23141 | Tomb:3   | Paralysed by a Zot trap for 4 turns
 23145 | Tomb:3   | Killed a royal mummy
 23146 | Tomb:3   | Noticed a royal mummy
 23304 | Tomb:3   | Paralysed by a Zot trap for 4 turns
 23315 | Tomb:3   | Noticed a royal mummy
 23317 | Tomb:3   | Killed a royal mummy
 23322 | Tomb:3   | Killed a royal mummy
 23361 | Tomb:3   | Identified the +1 robe of a sewer {+Inv rC- rN+++ Regen+}
 23362 | Tomb:3   | Identified the +7 war axe "Gug Suadgh" {vamp, rElec}
 23363 | Tomb:3   | Identified the +10 spear of Gallantry {flame, rElec rPois
                  | Int+4 Stlth-}
 23365 | Tomb:3   | Identified the ring "Gajit" {rCorr Dex+4 Slay+2}
 23433 | Tomb:3   | Got a golden rune of Zot
 24071 | Depths:2 | Found a one-way gate leading to the halls of Pandemonium.
 24085 | Zig:1    | Entered Level 1 of a ziggurat
 24096 | Zig:2    | Entered Level 2 of a ziggurat
 24097 | Zig:2    | Identified the +1 robe of Dithmenos's Scorn {rCorr Str-5
                  | Slay+5 SInv}
 24118 | Zig:3    | Entered Level 3 of a ziggurat
 24146 | Zig:4    | Entered Level 4 of a ziggurat
 24149 | Zig:4    | Identified the +0 cloak of the Sixty-Six Orbs {rPois rN+
                  | Str+4}
 24228 | Zig:5    | Entered Level 5 of a ziggurat
 24234 | Zig:5    | Identified the +8 dagger of Roqan {protect, rN+ Str+4}
 24248 | Zig:6    | Entered Level 6 of a ziggurat
 24254 | Zig:6    | Identified the +2 leather armour "Ximetiac" {Str+3 Int+4}
 24274 | Zig:7    | Entered Level 7 of a ziggurat
 24281 | Zig:7    | Identified the Vellum of Sandy Gusts
 24304 | Zig:8    | Entered Level 8 of a ziggurat
 24336 | Zig:8    | Identified the +4 sling of Nemelex Xobeh {venom, rElec}
 24337 | Zig:8    | Identified the +2 robe of Ru's Castigation {rF- Regen+
                  | Int+6 Stlth+}
 24337 | Zig:8    | Found the +7 Spriggan's Knife {stab, EV+4 Stlth+}
 24338 | Zig:8    | Found the +8 Vampire's Tooth {vamp}
 24389 | Zig:9    | Entered Level 9 of a ziggurat
 24393 | Zig:9    | Noticed a juggernaut
 24394 | Zig:9    | Noticed a juggernaut
 24394 | Zig:9    | Noticed a juggernaut
 24395 | Zig:9    | Noticed a juggernaut
 24400 | Zig:9    | Killed a juggernaut
 24402 | Zig:9    | Killed a juggernaut
 24404 | Zig:9    | Killed a juggernaut
 24405 | Zig:9    | Killed a juggernaut
 24409 | Zig:9    | Identified the Octavo of the Wayfarer
 24410 | Zig:9    | Identified the +2 hand axe "Emyistar" {antimagic, rF+ rN+}
 24442 | Zig:10   | Entered Level 10 of a ziggurat
 24446 | Zig:10   | Noticed Weabbahy the pandemonium lord
 24447 | Zig:10   | Noticed Plog the pandemonium lord
 24448 | Zig:10   | Noticed Ikkam the pandemonium lord
 24459 | Zig:10   | Identified the +9 hand axe "Nen Bau" {vorpal, Int-5 Dex+4}
 24459 | Zig:10   | Killed Plog the pandemonium lord
 24461 | Zig:10   | Identified the +7 falchion of Xeteuhy {vorpal, SInv}
 24462 | Zig:10   | Killed Ikkam the pandemonium lord
 24468 | Zig:11   | Entered Level 11 of a ziggurat
 24628 | Pan      | Entered Pandemonium
 24655 | Pan      | Reached skill level 5 in Evocations
 24691 | Pan      | Noticed Wogat the pandemonium lord
 24798 | Pan      | Noticed Sugeurgh the pandemonium lord
 24823 | Pan      | Got a demonic rune of Zot
 24823 | Pan      | Killed Sugeurgh the pandemonium lord
 24917 | Pan      | Entered the realm of Gloorx Vloq.
 25087 | Pan      | Learned a level 5 spell: Borgnjor's Vile Clutch
 25110 | Pan      | Noticed Gloorx Vloq
 25135 | Pan      | Reached skill level 10 in Evocations
 25136 | Pan      | Killed Gloorx Vloq
 25157 | Pan      | Got a dark rune of Zot
 25271 | Pan      | Noticed Ytwiz the pandemonium lord
 25328 | Pan      | Entered the realm of Mnoleg.
 25449 | Pan      | Noticed Mnoleg
 25457 | Pan      | Killed Mnoleg
 25466 | Pan      | Reached skill level 5 in Dodging
 25495 | Pan      | Got a glowing rune of Zot
 25594 | Pan      | Noticed Eniomeh the pandemonium lord
 25595 | Pan      | Entered the realm of Lom Lobon.
 25770 | Pan      | Noticed Lom Lobon
 25785 | Pan      | Killed Lom Lobon
 25791 | Pan      | Got a magical rune of Zot
 25914 | Pan      | Entered the realm of Cerebov.
 26043 | Pan      | Identified the ring of Pililob {rF+ rN+ Int+4}
 26125 | Pan      | Found the +6 sword of Cerebov {flame}
 26125 | Pan      | Noticed Cerebov
 26141 | Pan      | Killed Cerebov
 26142 | Pan      | Reached skill level 10 in Translocations
 26158 | Pan      | Got a fiery rune of Zot
 26212 | Pan      | Identified the +8 dagger "Ahoaczif" {vamp, rPois rF+ Will+
                  | SInv}
 26213 | Pan      | Identified the +1 plate armour of Stained Beauty {Str+5
                  | Dex+2}
 26214 | Pan      | Identified the +10 broad axe "Jenogem" {holy, rF+ Stlth+}
 26228 | Pan      | Found an exit through the horrors of the Abyss.
 26319 | Pan      | Took an exit into the Abyss.
 26319 | Abyss:1  | Escaped into the Abyss
 26359 | Depths:2 | Escaped the Abyss
 26453 | Depths:3 | Found a one-way gate to the infinite horrors of the Abyss.
 26473 | Depths:3 | Voluntarily entered the Abyss.
 26571 | Abyss:4  | Reached skill level 10 in Dodging
 26742 | Abyss:4  | Found an opulent altar of Gozag.
 26778 | Abyss:4  | Got an abyssal rune of Zot
 26782 | Depths:3 | Escaped the Abyss
 26837 | Hell     | Entered the Vestibule of Hell
 26837 | Hell     | Noticed Geryon
 26845 | Hell     | Killed Geryon
 27015 | Hell     | Noticed Murray
 27140 | Hell     | Killed Murray
 27170 | Hell     | Found a gateway to the freezing wastes of Cocytus.
 27195 | Coc:1    | Entered Level 1 of Cocytus
 27310 | Coc:3    | Reached skill level 5 in Armour
 27422 | Coc:5    | Noticed an ancient lich
 27425 | Coc:5    | Killed an ancient lich
 27500 | Coc:7    | Entered Level 7 of Cocytus
 27621 | Coc:7    | Reached skill level 10 in Armour
 27635 | Coc:7    | Paralysed by a wendigo for 1 turns
 27739 | Coc:7    | Identified the +1 robe of Poubuig {Str-4 Dex+6}
 27747 | Coc:7    | Identified the Omnibus of Imprecation and Invitation
 27955 | Coc:7    | Noticed Antaeus
 28020 | Coc:7    | Killed Antaeus
 28028 | Coc:7    | Got an icy rune of Zot
 28172 | Hell     | Found a gateway to the decaying netherworld of Tartarus.
 28180 | Tar:1    | Entered Level 1 of Tartarus
 28307 | Tar:4    | Noticed a dread lich
 28307 | Tar:4    | Noticed an ancient lich
 28307 | Tar:4    | Noticed a dread lich
 28307 | Tar:4    | Noticed a dread lich
 28307 | Tar:4    | Noticed an ancient lich
 28338 | Tar:4    | Killed a dread lich
 28368 | Tar:4    | Killed a dread lich
 28585 | Tar:4    | Killed an ancient lich
 28586 | Tar:4    | Reached skill level 5 in Stealth
 28631 | Tar:4    | Killed a dread lich
 28665 | Tar:4    | Killed an ancient lich
 28727 | Tar:7    | Entered Level 7 of Tartarus
 28798 | Tar:7    | Identified the +3 shortbow of the Elven Halls {freeze,
                  | Str+2}
 28829 | Tar:7    | Noticed a dread lich
 28841 | Tar:7    | Noticed an ancient lich
 28846 | Tar:7    | Killed a dread lich
 28847 | Tar:7    | Killed an ancient lich
 28892 | Tar:7    | Reached skill level 10 in Stealth
 28936 | Tar:7    | Noticed Ereshkigal
 28959 | Tar:7    | Killed Ereshkigal
 28996 | Tar:7    | Got a bone rune of Zot
 29090 | Hell     | Found a gateway to the ashen valley of Gehenna.
 29106 | Geh:1    | Entered Level 1 of Gehenna
 29211 | Geh:2    | Reached skill level 15 in Dodging
 29591 | Geh:7    | Entered Level 7 of Gehenna
 29704 | Geh:7    | Noticed the Serpent of Hell
 29714 | Geh:7    | Killed the Serpent of Hell
 29957 | Geh:7    | Found the +7 sceptre of Asmodeus
 29957 | Geh:7    | Noticed Asmodeus
 30101 | Geh:7    | Killed Asmodeus
 30109 | Geh:7    | Got an obsidian rune of Zot
 30214 | Hell     | Found a gateway to the Iron City of Dis.
 30231 | Dis:1    | Entered Level 1 of the Iron City of Dis
 30611 | Dis:4    | Found a huge runed gate.
 30611 | Dis:4    | Found a huge runed gate.
 30611 | Dis:4    | Found a huge runed gate.
 30611 | Dis:4    | Found a huge runed gate.
 30612 | Dis:4    | Found a huge runed gate.
 30613 | Dis:4    | Found a huge runed gate.
 30613 | Dis:4    | Found a huge runed gate.
 30614 | Dis:4    | Found a huge runed gate.
 30614 | Dis:4    | Found a huge runed gate.
 30615 | Dis:4    | Found a huge runed gate.
 30616 | Dis:4    | Found a huge runed gate.
 30617 | Dis:4    | Found a huge runed gate.
 30618 | Dis:4    | Found a huge runed gate.
 30619 | Dis:4    | Found a huge runed gate.
 30620 | Dis:4    | Found a huge runed gate.
 30931 | Dis:6    | Noticed an ancient lich
 30933 | Dis:7    | Entered Level 7 of the Iron City of Dis
 31378 | Dis:7    | Found the +4 staff of Dispater
 31378 | Dis:7    | Noticed Dispater
 31380 | Dis:7    | Noticed a juggernaut
 31384 | Dis:7    | Killed a juggernaut
 31392 | Dis:7    | Killed Dispater
 31404 | Dis:7    | Got an iron rune of Zot
 31454 | Dis:7    | Noticed an ancient lich
 31456 | Dis:7    | Killed an ancient lich
 31598 | Depths:4 | Found a gate to the Realm of Zot.
 31607 | Zot:1    | Entered Level 1 of the Realm of Zot
 31928 | Zot:5    | Entered Level 5 of the Realm of Zot
 32022 | Zot:5    | Noticed an ancient lich
 32028 | Zot:5    | Reached skill level 15 in Evocations
 32032 | Zot:5    | Killed an ancient lich
 32054 | Zot:5    | Noticed a dread lich
 32054 | Zot:5    | Noticed an orb of fire
 32055 | Zot:5    | Noticed an orb of fire
 32055 | Zot:5    | Noticed an orb of fire
 32060 | Zot:5    | Noticed an orb of fire
 32063 | Zot:5    | Gained mutation: You occasionally lose the ability to drink
                  | potions when taking damage. [an orb of fire]
 32069 | Zot:5    | Killed an orb of fire
 32072 | Zot:5    | Killed a dread lich
 32086 | Zot:5    | Killed an orb of fire
 32090 | Zot:5    | Killed an orb of fire
 32100 | Zot:5    | Killed an orb of fire
 32131 | Zot:5    | Lost mutation: You have razor-sharp toenails. [potion of
                  | mutation]
 32131 | Zot:5    | Lost mutation: You occasionally lose the ability to drink
                  | potions when taking damage. [potion of mutation]
 32131 | Zot:5    | Lost mutation: You have sharp toenails. [potion of
                  | mutation]
 32131 | Zot:5    | Gained mutation: You occasionally lose the ability to drink
                  | potions when taking damage. [potion of mutation]
 32131 | Zot:5    | Gained mutation: You are occasionally teleported next to
                  | monsters. [potion of mutation]
 32132 | Zot:5    | Lost mutation: You occasionally lose the ability to drink
                  | potions when taking damage. [potion of mutation]
 32132 | Zot:5    | Lost mutation: Your mind is acute. (Int +4, Str/Dex -1)
                  | [potion of mutation]
 32132 | Zot:5    | Lost mutation: You are strong-willed. (Will+) [potion of
                  | mutation]
 32132 | Zot:5    | Gained mutation: You have a pair of small antennae on your
                  | head. [potion of mutation]
 32133 | Zot:5    | Lost mutation: You have a pair of small antennae on your
                  | head. [potion of mutation]
 32133 | Zot:5    | Lost mutation: You are occasionally teleported next to
                  | monsters. [potion of mutation]
 32133 | Zot:5    | Gained mutation: Your spells are a little harder to cast,
                  | but a little more powerful. [potion of mutation]
 32133 | Zot:5    | Gained mutation: You possess an exceptional clarity of
                  | mind. [potion of mutation]
 32133 | Zot:5    | Gained mutation: You are agile. (Dex +4, Str/Int -1)
                  | [potion of mutation]
 32180 | Zot:5    | Got the Orb of Zot
 32256 | Zot:4    | Noticed Tusasan the pandemonium lord
 32278 | Zot:4    | Killed Tusasan the pandemonium lord
 32355 | Zot:1    | Reached skill level 22 in Summonings
 32597 | D:9      | Noticed Ethruyr the pandemonium lord
 32609 | D:9      | Killed Ethruyr the pandemonium lord
 32777 | D:$      | Escaped with the Orb!

Illustrated notes

Levels and vault maps discovered:
D:1:      minmay_arrival_diagonal_passages, layout_basic, serial_shops, shop,
          shop_statue, nicolae_shop_overgrown_old_shop, minmay_strange_pillars,
          nicolae_figureground_pulse
D:2:      layout_basic, basic_altar, kennysheep_generic_room_13, uniq_sigmund
D:3:      layout_basic, minmay_misc_feat_alley, minivault_11,
          minmay_ogre_servants
D:4:      kennysheep_kobold_camp, layout_gridville, grunt_gozag_breadcrumbs,
          minmay_temple_entry_large_hall, gup_ossuary_entry_pyramid,
          minmay_splitting_lines, nicolae_elevator_lobby_plus, uniq_duvessa
D:5:      layout_rooms, gammafunk_ghost_cemetery, uniq_edmund
D:6:      layout_layer_cave, uniq_maggie
D:7:      layout_basic, nzn_wu_jian_council_hall, uniq_prince_ribbit1
D:8:      layout_cave_pools, uniq_joseph
D:9:      layout_rooms, nicolae_overflow_hidden_temple, erik_lair_island,
          hangedman_abyss_or_decor_lesser_grid, lemuel_flame_loot_1
D:10:     layout_loops_cross, gammafunk_temple_overflow_arena,
          kiku_gazebo_pond_becter, minivault_20
D:11:     layout_basic, orc_0_dummy, uniq_josephine
D:12:     minmay_swirls_squares, layout_irregular_city, uniq_gastronok
D:13:     layout_cross, serial_shops, nicolae_shop_statue_plus
D:14:     layout_stronghold, david_vaults_4, serial_park_tiny_1, eino_jars
D:15:     grunt_enter_depths_magical_seal, layout_long_grid,
          nicolae_qazlal_style_of_elements, drop_trap, uniq_kirke, uniq_rupert
Temple:   compressed_dpeg_circular_temple
Lair:1:   layout_chaotic_city, portal_ice_cave_entry_pillars_2,
          beast_lair_carwin_3, infiniplex_staircase_pool, uniq_erica
Lair:2:   layout_regular_city, grunt_megastairs_1
Lair:3:   layout_loops_ring, skrybe_swamp_entry_bodies,
          guppyfry_snake_entry_garden
Lair:4:   layout_long_grid, dpeg_slime_entry_corner
Lair:5:   due_jungle_book, layout_small_grid, chequers_serial_rivers_small_b,
          st_stairs_8, infiniplex_staircase_pool_2
Swamp:1:  layout_basic_swamp, evilmike_swamp_ruin_house_4, swamp_pool2,
          grunt_hermit_hut, uniq_frances
Swamp:2:  nicolae_swamp_standing_stones, layout_falls_marsh,
          evilmike_swamp_ruin_house_3, swamp_pool3
Swamp:3:  layout_falls_marsh, evilmike_swamp_ruin_house_1,
          nicolae_swamp_wisp_ring_woods
Swamp:4:  swamp_fiery, layout_basic_swamp
Snake:1:  minmay_snake_river, layout_grid_shapes, lemuel_fruit_tree,
          uniq_mlioglotl
Snake:2:  layout_misc_corridors, drop_trap, grunt_ministairs_7
Snake:3:  layout_cave_shapes, lightli_airlock, uniq_saint_roka, uniq_vashnia,
          uniq_donald
Snake:4:  johnstein_snake_rune_scales, layout_cave_town, serial_shops, shop,
          nicolae_snake_snake_lake, uniq_mara
Slime:1:  layout_caves
Slime:2:  layout_caves
Slime:3:  layout_caves
Slime:4:  layout_caves, nicolae_slime_welcoming_committee
Slime:5:  uniq_dissolution
Orc:1:    layout_caves, gammafunk_ghost_fury_of_okawaru
Orc:2:    st_orc_ogre_mass, layout_caves, minmay_orc_temple_a
Vaults:1: mu_enter_wizlab_2, ontoclasm_vaults_fault,
          ontoclasm_vaults_ring_large, grunt_vaults_funnel, v_rooms_6,
          v_misc_15, vaults_dpeg_doors, vaults_dpeg_cross,
          nicolae_vaults_meeting, v_misc_32, layout_vaults_ring, uniq_asterion
Vaults:2: hangedman_vaults_stagger, v_misc_14, v_alt_pattern_6,
          vaults_room_hallway, v_pattern_1, v_misc_12, layout_vaults_omnigrid
Vaults:3: v_pattern_3, minmay_crypt_entry_simple_plaza,
          hangedman_vaults_variations, nicolae_vaults_yaktaur_gun_rack,
          ontoclasm_vaults_pinch, v_misc_27, nicolae_vaults_three_branches,
          kennysheep_vaults_gozag_temple, vaults_standard_mumra_lines,
          nicolae_vaults_little_squares_4, v_misc_19, vaults_room_ringed_pool,
          v_misc_22, layout_vaults_omnibox
Vaults:4: hangedman_vaults_river_flow, v_misc_4, v_misc_2, v_misc_8,
          vaults_room_pool, vaults_dpeg_ring, dpeg_vaults_monster_box,
          vaults_room_pools, layout_vaults_chaotic_city, serial_shops, shop
Vaults:5: serial_shops
Crypt:1:  layout_chaotic_city, basic_altar, grunt_crypt_arrival_guarded_gate
Crypt:2:  layout_basic, special_room [special_room_morgue], grunt_ministairs_2,
          uniq_margery, uniq_bai_suzhen
Crypt:3:  grunt_crypt_end_deaths_head
Tomb:1
Tomb:2:   uniq_mennas
Tomb:3
Depths:1: layout_cave_pools, hellmouth_1, hangedman_ru_absence,
          minmay_alternating_orb, hangedman_decor_cross_pass
Depths:2: minmay_three_patterns, layout_cave_pools, lightli_too_deep,
          rand_demon_pan_entry_8
Depths:3: minmay_octagon_keep, layout_gridville, abyss_entry_small_statue_room,
          hell_entry, gammafunk_ghost_tricky_traps, rand_demon_pan_entry_7,
          minmay_staircase_bubble
Depths:4: evilmike_zot_entry_diamond, layout_long_grid, enter_ziggurat_b,
          hell_entry, grunt_decor_one_mirror, gammafunk_ghost_split, drop_trap,
          nrook_uturn
Hell
Dis:1:    layout_gridville
Dis:2:    layout_gridville
Dis:3:    layout_subdivisions
Dis:4:    layout_subdivisions, not_door_vault_due
Dis:5:    layout_regular_city
Dis:6:    layout_jigsaw
Dis:7:    dis_hangedman
Geh:1:    layout_gehenna_pools_basic
Geh:2:    layout_gehenna_lava_caves
Geh:3:    layout_gehenna_pools_basic
Geh:4:    layout_gehenna_pools_box
Geh:5:    layout_gehenna_lava_caves
Geh:6:    layout_gehenna_lava_caves
Geh:7:    geh_hangedman
Coc:1:    layout_cocytus_water_paths
Coc:2:    layout_cocytus_water_paths
Coc:3:    layout_ice_bergs, nicolae_coc_statues_of_limitations
Coc:4:    layout_cocytus_water_paths
Coc:5:    layout_cocytus_water_paths
Coc:6:    layout_ice_bergs
Coc:7:    coc_grunt
Tar:1:    layout_grid_maze, lemuel_nasty_pond
Tar:2:    layout_honeycomb, nicolae_tar_windowcombs
Tar:3:    layout_honeycomb, nicolae_tar_cuneiform_sun
Tar:4:    layout_cathedral_of_symmetry, nicolae_tar_liches_on_tour
Tar:5:    layout_grid_maze
Tar:6:    layout_honeycomb, nicolae_hells_seeping_fissure
Tar:7:    tar_grunt_cathedral
Zot:1:    kennysheep_room_grid, layout_onion_interference
Zot:2:    layout_misc_corridors, st_stairs_12
Zot:3:    layout_twisted_circle
Zot:4:    circus_mu, layout_gridville, zot_minivault_4, uniq_parghit
Zot:5:    layout_basic

Skill      XL: |  1  2  3  4  5  6  7  8  9 10 11 12 13 14 15 16 17 18 19 20 21 22 23 24 25 26 27 |
---------------+----------------------------------------------------------------------------------+-----
Fighting       | 2 3 8 11 12 14 16 21 | 21.9
Staves         | 2 |  2.0
Summonings     | 4 5 6 7 8 9 13 14 15 17 19 21 22 | 22.4
Hexes          | 2 |  2.0
Armour         | 2 4 14 | 14.1
Air Magic      | 4 6 |  6.0
Spellcasting   | 4 8 9 12 16 17 18 20 21 | 21.9
Stealth        | 3 4 12 | 12.0
Dodging        | 2 4 21 | 21.0
Throwing       | 3 4 |  4.0
Evocations     | 2 4 17 | 17.2
Transmutations | 3 6 7 8 10 11 12 | 12.7
Earth Magic    | 2 7 |  7.7
Conjurations   | 4 6 |  6.0
Ice Magic      | 4 6 |  6.8
Necromancy     | 7 8 10 11 12 | 12.6
Fire Magic     | 1 6 7 10 12 | 12.8
Shields        | 7 11 14 15 21 | 21.4
Translocations | 6 12 | 12.0

Action                   |  1- 3 |  4- 6 |  7- 9 | 10-12 | 13-15 | 16-18 | 19-21 | 22-24 | 25-27 || total
-------------------------+-------+-------+-------+-------+-------+-------+-------+-------+-------++-------
Melee: Unarmed           |     4 |    16 |       |       |       |       |       |       |       ||    20
       Quarterstaff      |    32 |    31 |    72 |       |       |       |       |       |       ||   135
       Punch             |       |     1 |     1 |       |       |       |       |       |       ||     2
       Dagger            |       |       |    43 |       |       |       |       |       |       ||    43
       Bardiche          |       |       |    55 |   128 |    67 |    17 |       |       |       ||   267
       Broad axe         |       |       |       |       |     1 |       |       |       |       ||     1
       Staff             |       |       |       |       |     5 |     4 |       |       |       ||     9
       Eudemon blade     |       |       |       |       |       |     5 |    18 |     1 |       ||    24
       Scimitar          |       |       |       |       |       |       |    22 |    19 |   309 ||   350
       Kick              |       |       |       |       |       |       |     4 |     9 |   167 ||   180
 Fire: Sling             |     7 |       |       |       |       |       |       |       |       ||     7
Throw: Boomerang         |       |     8 |     7 |     7 |     2 |     1 |       |       |       ||    25
       Dart              |       |       |     4 |     7 |       |       |       |       |       ||    11
       Throwing net      |       |       |       |       |       |       |       |     2 |       ||     2
 Cast: Summon Small Mamm |    14 |     4 |     8 |       |       |       |       |       |       ||    26
       Call Imp          |     9 |     7 |     4 |     2 |       |       |       |       |       ||    22
       Call Canine Famil |     2 |    10 |    27 |    38 |    14 |     2 |       |       |       ||    93
       Summon Guardian G |       |     1 |    19 |    28 |    11 |     1 |       |       |       ||    60
       Summon Lightning  |       |       |    10 |    53 |    32 |     4 |       |       |       ||    99
       Summon Hydra      |       |       |       |     8 |   172 |    24 |    10 |     2 |       ||   216
       Freezing Cloud    |       |       |       |       |     3 |    21 |     2 |       |       ||    26
       Passwall          |       |       |       |       |    10 |     3 |     8 |     4 |    38 ||    63
       Simulacrum        |       |       |       |       |    19 |   101 |   118 |    33 |   202 ||   473
       Dragon's Call     |       |       |       |       |       |    12 |    35 |    19 |   123 ||   189
       Passage of Golubr |       |       |       |       |       |       |   108 |     7 |   243 ||   358
       Sublimation of Bl |       |       |       |       |       |       |    82 |    39 |   345 ||   466
       Statue Form       |       |       |       |       |       |       |    24 |    19 |    53 ||    96
       Malign Gateway    |       |       |       |       |       |       |     3 |     6 |    26 ||    35
       Apportation       |       |       |       |       |       |       |       |    26 |    80 ||   106
       Ignition          |       |       |       |       |       |       |       |    22 |   176 ||   198
       Summon Horrible T |       |       |       |       |       |       |       |     5 |    60 ||    65
       Necromutation     |       |       |       |       |       |       |       |       |   129 ||   129
       Borgnjor's Vile C |       |       |       |       |       |       |       |       |   146 ||   146
       Haunt             |       |       |       |       |       |       |       |       |    80 ||    80
       Ozocubu's Armour  |       |       |       |       |       |       |       |       |     5 ||     5
Invok: Curse Item        |       |       |     2 |     2 |     4 |     2 |     2 |     2 |     2 ||    16
       Shatter the Chain |       |       |       |       |     3 |       |     2 |     2 |     1 ||     8
 Abil: End Transformatio |       |       |       |       |       |       |    10 |    11 |   119 ||   140
Evoke: Wand              |       |       |       |     7 |     6 |     1 |       |       |    31 ||    45
       Tin of tremorston |       |       |       |     2 |       |       |       |     1 |       ||     3
       Phial of floods   |       |       |       |     1 |     1 |       |       |       |       ||     2
       Condenser vane    |       |       |       |       |       |       |     2 |     1 |     6 ||     9
       Phantom mirror    |       |       |       |       |       |       |       |     1 |     7 ||     8
       Horn of Geryon    |       |       |       |       |       |       |       |       |     2 ||     2
       Box of beasts     |       |       |       |       |       |       |       |       |     2 ||     2
       Figurine of a zig |       |       |       |       |       |       |       |       |     1 ||     1
  Use: Scroll            |       |     9 |     6 |     4 |     6 |     8 |    10 |     8 |    41 ||    92
       Potion            |       |     5 |     2 |     1 |       |    10 |     9 |    16 |    29 ||    72
 Stab: Sleeping          |       |     1 |       |     1 |       |       |       |       |     1 ||     3
       Distracted        |       |     1 |     1 |     6 |     2 |       |       |     1 |    11 ||    22
       Petrified         |       |       |       |       |     3 |       |       |       |       ||     3
       Invisible         |       |       |       |       |       |       |     1 |       |       ||     1
Armor: Robe              |    28 |    13 |    64 |    55 |    13 |       |       |       |       ||   173
       Skin              |       |   117 |       |       |       |       |    36 |    46 |   107 ||   306
       Troll leather arm |       |       |       |       |    61 |    37 |    15 |     7 |   176 ||   296
Dodge: Dodged            |    32 |    24 |    92 |   151 |   144 |    53 |    64 |    32 |   594 ||  1186
Block: Kite shield       |       |       |       |       |       |    24 |    89 |    76 |   322 ||   511
       Tower shield      |       |       |       |       |       |       |       |       |   978 ||   978
